Map: Ulrena

Players

Meshi

  • Race: Protoss Protoss
  • League: Silver
  • Spawn Location: 11:00

zidar - Winner!

  • Race: Zerg Zerg
  • League: Silver
  • Spawn Location: 7:00

VOD

Have the link to the VOD?

Description

Time

  • Played on: Dec. 16, 2015, 1:23 p.m.
  • Length: 6:44
Show
View Real Time Build Order
Export as new Build Order

Meshi Protoss 

Build Orders:  

Get SALT Encoding   

  12  0:00  Probe (Chrono Boost)  
  13  0:11  Probe (Chrono Boost)  
  14  0:19  Pylon  
  14  0:22  Probe (Chrono Boost)  
  15  0:37  Probe (Chrono Boost)  
  15  0:40  Gateway  
  16  0:48  Probe (Chrono Boost)  
  17  0:53  Assimilator  
  17  0:58  Probe (Chrono Boost)  
  18  1:09  Probe (Chrono Boost), Pylon  
  18  1:11  Assimilator  
  19  1:19  Probe (Chrono Boost)  
  20  1:30  Probe (Chrono Boost), Cybernetics Core  
  21  1:40  Probe (Chrono Boost)  
  22  1:51  Probe (Chrono Boost)  
  23  2:02  Probe (Chrono Boost)  
  23  2:08  Pylon  
  24  2:10  Warp Gate  
  24  2:12  Mothership Core (Chrono Boost), Stalker  
  28  2:31  Probe (Chrono Boost)  
  28  2:32  Twilight Council  
  24  3:18  Stalker (Chrono Boost)  
  4  3:45  Stalker (Chrono Boost)  
  6  3:50  Probe (Chrono Boost)  
  7  4:02  Probe (Chrono Boost)  
  8  4:12  Probe (Chrono Boost)  
  7  4:23  Probe (Chrono Boost)  
  4  4:33  Probe (Chrono Boost)  
Show
View Real Time Build Order
Export as new Build Order

zidar Zerg - Winner!

Build Orders: 1 Base Baneling Bust, Pool Only 

Get SALT Encoding   

  12  0:03  Drone  
  13  0:14  Drone  
  14  0:26  Spawning Pool  
  13  0:29  Drone  
  13  0:34  Extractor  
  13  0:36  Drone  
  14  0:45  Overlord  
  14  1:03  Overlord  
  14  1:13  Queen  
  14  1:16  Zergling x2  
  17  1:21  Zergling x2  
  18  1:27  Zergling x2  
  19  1:33  Metabolic Boost  
  19  1:40  Zergling x2  
  20  1:58  Zergling x4  
  22  2:13  Zergling x4  
  24  2:39  Baneling Nest  
  24  2:41  Zergling x8  
  23  3:31  Zergling x6  
  23  3:32  Zergling x4  
  25  4:02  Zergling x2  
  26  4:03  Zergling x2  
  20  4:37  Zergling x2  
  20  4:38  Zergling x8  
Tags
 
Add a new tag
Caveats
  • Supply blocks, unpowered buildings, or Contaminate may cause inaccurate times.
  • Supply counts are checked every 10 seconds.